 Dungeon Crawl Stone Soup version 0.32-a0-779-g362cfcae2a (webtiles) character file.

Game seed: 17150820622802898666

122 Dordric the Slasher (level 5, -1/38 HPs)
             Began as a Coglin Gladiator on Mar 20, 2024.
             Splashed by a jelly's acid (2 damage)
             ... on level 3 of the Dungeon.
             The game lasted 00:01:58 (2301 turns).

Dordric the Slasher (Coglin Gladiator)              Turns: 2301, Time: 00:01:58

Health: -1/38      AC: -7    Str: 15    XL:     5   Next: 6%
Magic:  5/5        EV: 11    Int:  7    God:
Gold:   140        SH:  0    Dex: 17    Spells: 4/4 levels left

rFire   . . .        r - +0 scimitar {Walburga}
rCold   . . .        o - +1 dagger (pain) {Rubén}
rNeg    . . .        b - +0 leather armour
rPois   .            c - +0 helmet
rElec   .            g - +0 cloak
rCorr   .            (no gloves)
SInv    .            (no boots)
Will    .....        (amulet unavailable)
Stlth   +            (ring unavailable)
HPRegen 0.26/turn    (ring unavailable)
MPRegen 0.09/turn    (no gizmo)

%: no passive effects
@: corroded, studying Fighting, revved
A: off-hand wielding, slow wielding, warmup strikes, no jewellery
a: Invent Gizmo


You were on level 3 of the Dungeon.
You visited 1 branch of the dungeon, and saw 4 of its levels.

You collected 140 gold pieces.

Inventory:

Hand Weapons
 a - a +0 long sword {Zarja}
 f - a +0 dagger {Ming}
 o - a +1 dagger of pain (offhand) {Rubén}
 r - a +0 scimitar (weapon) {Walburga}
Missiles
 d - 3 throwing nets (quivered)
 e - a javelin
Armour
 b - a +0 leather armour (worn)
 c - a +0 helmet (worn)
 g - a +0 cloak (worn)
Scrolls
 i - a scroll of acquirement {unknown}
 k - 4 scrolls of poison {unknown}
 l - a scroll of identify {unknown}
 p - a scroll of amnesia {unknown}
 q - a scroll of fog {unknown}
 t - a scroll of immolation {unknown}
 u - a scroll of vulnerability {unknown}
Potions
 h - 3 potions of haste {unknown}
 j - a potion of mutation {unknown}
 m - 2 potions of brilliance {unknown}
 n - 2 potions of curing {unknown}
 s - a potion of invisibility {unknown}


   Skills:
 - Level 2.0 Fighting
 + Level 5.6 Long Blades
 - Level 1.7 Throwing
 - Level 2.6 Dodging


You had 4 spell levels left.
You didn't know any spells.
Your spell library contained the following spells:

 Spells                   Type           Power      Damage    Failure   Level
 Sandblast                Erth           0%         2d4       50%         1
 Stone Arrow              Conj/Erth      0%         3d7       86%         3
 Brom's Barrelling Bould  Conj/Erth      0%         2d3       99%         4


Dungeon Overview and Level Annotations

Branches:
Dungeon (4/15)
 Temple: D:4-7

Altars:
Vehumet

Shops:
D:1 [


Innate Abilities, Weirdness & Mutations

You can wield a second weapon in your off-hand.
It takes a long time for you to wield or remove held weapons.
Your first few attacks do less damage.
You cannot equip rings or amulets.


Message History

You hit the jelly with your +0 scimitar.
Your graspers burn!
The jelly is lightly wounded.
You hit the jelly but do no damage. The acid corrodes you!
Your graspers burn!
The jelly misses you.
You barely miss the jelly with your +1 dagger of pain.
The jelly is lightly wounded.
You hit the jelly but do no damage.
Your graspers burn!
The jelly closely misses you.
You hit the jelly but do no damage. The acid corrodes you!
Your graspers burn!
The jelly is lightly wounded.
You slash the jelly with your +0 scimitar!
Your graspers burn!
The jelly closely misses you.
You hit the jelly with your +1 dagger of pain.
The acid corrodes you!
Your graspers burn!
The jelly is severely wounded.
You hit the jelly but do no damage.
Your graspers burn!
The jelly hits you. The acid corrodes you!
You are splashed with acid.
* * * LOW HITPOINT WARNING * * *
You are too injured to fight recklessly!
You are too injured to fight recklessly!
You are too injured to fight recklessly!
You are too injured to fight recklessly!
You are too injured to fight recklessly!
You are too injured to fight recklessly!
You are too injured to fight recklessly!
You are too injured to fight recklessly!
A jelly is nearby!
You hit the jelly but do no damage.
Your graspers burn!
* * * LOW HITPOINT WARNING * * *
The jelly is severely wounded.
You hit the jelly but do no damage.
Your graspers burn!
* * * LOW HITPOINT WARNING * * *
The jelly misses you.
You hit the jelly but do no damage.
Your graspers burn!
* * * LOW HITPOINT WARNING * * *
The jelly is severely wounded.
You hit the jelly with your +0 scimitar.
Your graspers burn!
You die...

#####.#.#.#.#.#.#.#.#.#....#
#.#.#.#.#.#.#.#.#.#.....#
##.#.#.#.#.#.#.#.#.#....#
#.#.#.#.#.#.#.#.#.#.....#
##.#.#.#.#.#.#.#.#.#....#
#.#.#.#.#.#.#.#.#.#.....#
##.#.#.#.#.#.#.#.#.#.####
#.#.#.#.#.#.#.#.#.#.#.#######
##.#.#.#.#.#J@.#.#.#.#......#
#.#.#.#.#.#.#.#(#.#.#.#####.#
##.#.#.#.#.#.#.#.#.#.## #.#
##########.######.### #.# #.#
#.# ###.## #.# #.# #..... #.#
#.# #.#.## #.# #.######.#.#
#.# #..).....#.##


You could see a jelly.

Vanquished Creatures
  A hound (D:4)
  3 adders
  3 dart slugs
  7 endoplasms
  3 giant cockroaches (D:1)
  4 goblins
  6 hobgoblins
  3 quokkas
  7 ball pythons
  7 bats
  2 frilled lizards (D:1)
  9 kobolds
  5 rats (D:1)
60 creatures vanquished.

Notes
Turn   | Place    | Note
-------+----------+-------------------------------------------
     0 | D:1      | Dordric the Coglin Gladiator began the quest for the Orb.
     0 | D:1      | Reached XP level 1. HP: 16/16 MP: 1/1
    80 | D:1      | Found Orul's Antique Armour Emporium.
   124 | D:1      | Found a faded altar of an unknown god.
   129 | D:1      | Reached XP level 2. HP: 20/22 MP: 2/2
   287 | D:1      | Reached skill level 4 in Long Blades
   400 | D:1      | Reached XP level 3. HP: 27/27 MP: 3/3
  1103 | D:2      | Reached XP level 4. HP: 33/33 MP: 4/4
  1602 | D:2      | Found a radiant altar of Vehumet.
  1854 | D:3      | Reached skill level 5 in Long Blades
  2288 | D:4      | Reached XP level 5. HP: 38/38 MP: 5/5
  2301 | D:3      | HP: 1/38 [acid (4)]
  2301 | D:3      | Splashed by a jelly's acid

Illustrated notes

Levels and vault maps discovered:
D:1:      mrwooster_arrival_statue_2, layout_basic, serial_shops,
          nicolae_shop_window_shopping, shapermc_ecumenical_altar_pompeii,
          minmay_small_reverse_x
D:2:      layout_basic, basic_altar
D:3:      layout_basic
D:4:      layout_rooms, lemuel_tele_altar, temple_fountains

Skill      XL: |  1  2  3  4 |
---------------+-------------+-----
Long Blades    | 4 5 |  5.6
Fighting       | |  2.0
Throwing       | |  1.7
Dodging        | |  2.6

Action                     |  1- 3 |  4- 6 || total
---------------------------+-------+-------++-------
  Melee: Long sword        |    76 |    10 ||    86
         Dagger            |    65 |    29 ||    94
         Scimitar          |       |    27 ||    27
   Stab: Sleeping          |     1 |       ||     1
 Armour: Leather armour    |    48 |    21 ||    69
  Dodge: Dodged            |    54 |    24 ||    78

Table legend: (Time is in decaauts)
 A = Elapsed time spent in this place.
 B = Non-inter-level travel time spent in this place.
 C = Inter-level travel time spent in this place.
 D = Time resting spent in this place.
 E = Time spent auto-exploring this place.
 F = Levels seen in this place.
 G = Mean time per level.
                   A        B        C        D        E       F      G
               +--------+--------+--------+--------+--------+-----+--------+
         Total |   2304 |   2196 |    108 |      0 |   1816 |   4 |  576.0 |
       Dungeon |   2304 |   2196 |    108 |      0 |   1816 |   4 |  576.0 |
               +--------+--------+--------+--------+--------+-----+--------+

Top non-repeatable levels by time:
     D:1: 976 daAuts
     D:2: 654 daAuts
     D:3: 613 daAuts
     D:4: 60 daAuts
